 Dungeon Crawl Stone Soup version 0.31.0-12-g77e489cdc1 (webtiles) character file.

Game seed: 1269699378540469518

76 pornfreak the Slasher (level 4, -1/40 HPs)
             Began as a Minotaur Berserker on Feb 21, 2024.
             Was a Follower of Trog.
             Slain by a gnoll
             ... wielding a +0 whip
              (3 damage)
             ... on level 2 of the Dungeon.
             The game lasted 00:14:13 (1577 turns).

pornfreak the Slasher (Minotaur Berserker)          Turns: 1577, Time: 00:14:14

Health: -1/40      AC:  5    Str: 24    XL:     4   Next: 12%
Magic:  3/3        EV: 11    Int:  4    God:    Trog [*.....]
Gold:   107        SH:  0    Dex:  9    Spells: 3/3 levels left

rFire   . . .        a - +0 falchion
rCold   . . .        (no shield)
rNeg    . . .        g - +0 ring mail
rPois   .            (helmet restricted)
rElec   .            (no cloak)
rCorr   .            (no gloves)
SInv    .            (no boots)
Will    .....        (no amulet) Stlth
                     (no ring)
HPRegen 0.26/turn    (no ring)
MPRegen 0.08/turn

%: no passive effects
@: no status effects
A: horns 2, retaliatory headbutt
a: Renounce Religion, Berserk


You were on level 2 of the Dungeon.
You worshipped Trog.
Trog was aware of your devotion.
You visited 1 branch of the dungeon, and saw 2 of its levels.

You collected 107 gold pieces.

Inventory:

Hand Weapons
 a - a +0 falchion (weapon)
Armour
 g - a +0 ring mail (worn)
Jewellery
 h - a +6 ring of dexterity
Wands
 m - a wand of light (9)
Scrolls
 d - a scroll of enchant weapon {unknown}
 e - a scroll of teleportation {unknown}
 f - a scroll of poison {unknown}
 i - 2 scrolls of identify {unknown}
 j - a scroll of fear {unknown}
 l - a scroll of noise {unknown}
Potions
 b - a potion of degeneration {unknown}
 c - a potion of enlightenment {unknown}
 k - a potion of cancellation {unknown}
 n - 2 potions of curing {unknown}


   Skills:
 - Level 3.8 Fighting
 * Level 5.6 Long Blades
 - Level 2.7 Armour
 - Level 2.3 Dodging
 - Level 0.1 Stealth


You had 3 spell levels left.
You didn't know any spells.
Your spell library contained the following spells:

 Spells                   Type           Power      Damage    Failure   Level
 Lesser Beckoning         Tloc           0%         N/A       78%         2
 Gell's Gravitas          Tloc           0%         N/A       95%         3
 Teleport Other           Tloc           0%         N/A       95%         3


Dungeon Overview and Level Annotations

Branches:
Dungeon (2/15)

Altars:


Innate Abilities, Weirdness & Mutations

You have a pair of horns on your head.
You reflexively headbutt those who attack you in melee.


Message History

Found a scroll labelled OSCHUQ WEKH.
The gnoll hits you with a +0 whip.
You slash the gnoll!
The gnoll is heavily wounded.
The gnoll barely misses you. You furiously retaliate!
You headbutt the gnoll! The gnoll barely misses you. The gnoll misses you.
You hit the gnoll.
You kill the gnoll!
Trog accepts your kill. The gnoll hits you with a +0 whip.
The gnoll hits you with a +0 flail!
The ribbon worm expels a string of sticky webbing.
The stream of webbing hits you but does no damage.
You are caught in a web!
The web tears apart.
The gnoll hits you with a +0 whip. The gnoll hits you with a +0 flail!
* * * LOW HITPOINT WARNING * * *
The ribbon worm expels a string of sticky webbing.
The stream of webbing misses you.
You hit the gnoll but do no damage. Your headbutt misses the gnoll.
The gnoll barely misses you. The gnoll attacks as it pursues you!
The gnoll hits you but does no damage.
You hit the gnoll.
The gnoll is heavily wounded.
The gnoll barely misses you. You furiously retaliate!
You headbutt the gnoll. You barely miss the gnoll.
Your headbutt misses the gnoll.
The gnoll is severely wounded.
The gnoll hits you with a +0 flail.
* * * LOW HITPOINT WARNING * * *
You hit the gnoll. Your headbutt misses the gnoll.
The gnoll is almost dead.
The gnoll barely misses you.
You hit the gnoll.
You kill the gnoll!
Trog accepts your kill.
You have reached level 4!
You feel stronger.
You hit the gnoll.
You headbutt the gnoll, but do no damage.
The gnoll is almost dead.
The gnoll hits you with a +0 whip.
You die...

###.....# #....# #.....#
#....#
#.....####....##########
#..>..........#...#.....
#.....####....#.#.#.....
#.......#####.#.#.#.....
#.....#...###...#.#.....
#########.........).....
#.wg@......#.#.......
##.#######.#.#.#.....
#.# ....#.#.....
#...)...# ######.#.....
#.......# #.#.....
#......... #.#.....
#........... #.#.....
####........ #.....
#........ ######


You could see a ribbon worm and a gnoll.

Vanquished Creatures
  Jessica (D:2)
  2 gnolls (D:2)
  A dart slug (D:1)
  6 ball pythons
  4 bats
  An endoplasm (D:2)
  5 giant cockroaches (D:1)
  A goblin (D:1)
  4 hobgoblins
  2 frilled lizards (D:1)
  2 kobolds (D:1)
  A rat (D:1)
30 creatures vanquished.

Notes
Turn   | Place    | Note
-------+----------+-------------------------------------------
     0 | D:1      | pornfreak the Minotaur Berserker began the quest for the
                  | Orb.
     0 | D:1      | Reached XP level 1. HP: 19/19 MP: 0/0
   353 | D:1      | Found a faded altar of an unknown god.
   404 | D:1      | Reached skill level 4 in Long Blades
   404 | D:1      | Reached XP level 2. HP: 27/27 MP: 1/1
  1446 | D:2      | Reached XP level 3. HP: 28/33 MP: 2/2
  1504 | D:2      | Noticed Jessica
  1508 | D:2      | Killed Jessica
  1509 | D:2      | Reached skill level 5 in Long Blades
  1574 | D:2      | HP: 1/33 [gnoll/+0 flail (6)]
  1577 | D:2      | Reached XP level 4. HP: 2/40 MP: 3/3
  1577 | D:2      | Slain by a gnoll

Illustrated notes

Levels and vault maps discovered:
D:1:      erik_arrival_orb_chamber, layout_basic,
          ebering_ecumenical_altar_ruins, minmay_misc_feat_columns,
          nicolae_concentric_dashed_squares_mild, minmay_worlds_worst_comb
D:2:      layout_basic, uniq_jessica

Skill      XL: |  1  2  3 |
---------------+----------+-----
Long Blades    | 4 5 |  5.6
Fighting       | |  3.8
Armour         | |  2.7
Dodging        | |  2.3
Stealth        | |  0.1

Action                     |  1- 3 |  4- 6 || total
---------------------------+-------+-------++-------
  Melee: Falchion          |    53 |     1 ||    54
         Headbutt          |     6 |     1 ||     7
         Punch             |     1 |       ||     1
   Stab: Sleeping          |     3 |       ||     3
 Armour: Animal skin       |     7 |       ||     7
         Ring mail         |    14 |     1 ||    15
  Dodge: Dodged            |    47 |       ||    47
